 Dungeon Crawl Stone Soup version 0.21.1-1-g345015f (webtiles) character file.

5718 Hebeh the Cleaver (level 10, -27/99 HPs)
             Began as a Deep Dwarf Fighter on June 17, 2018.
             Was a Follower of Makhleb.
             Killed from afar by an efreet (39 damage)
             ... with a bolt of fire
             ... on level 8 of the Dungeon.
             The game lasted 00:43:23 (6766 turns).

Hebeh the Cleaver (Deep Dwarf Fighter)              Turns: 6766, Time: 00:43:24

Health: -27/99     AC: 13    Str: 23    XL:     10   Next: 48%
Magic:  10/10      EV:  4    Int:  9    God:    Makhleb [*.....]
Gold:   386        SH: 11    Dex: 12    Spells: 10/13 levels left

rFire    x . .     SeeInvis .   v - +0 whip (freeze)
rCold    + + .     Gourm    .   c - +1 shield
rNeg     . . .     Faith    .   D - +0 plate armour
rPois    .         Spirit   .   I - +0 helmet
rElec    .         Reflect  .   (no cloak)
rCorr    .         Harm     .   (no gloves)
MR       ++...                  (no boots)
Stlth    ..........             (no amulet)
HPRegen  0.00/turn              k - ring of ice
MPRegen  0.12/turn              (no ring)

@: non-regenerating
A: damage resistance, heal wounds, thin skeletal structure 1, clumsy 1, cold
resistance 1, magic resistance 1, sense surroundings 2, no regeneration
a: Heal Wounds, Renounce Religion


You were on level 8 of the Dungeon.
You worshipped Makhleb.
Makhleb was aware of your devotion.
You were not hungry.

You visited 3 branches of the dungeon, and saw 10 of its levels.
You also visited: Sewer.

You collected 386 gold pieces.

Inventory:

Hand Weapons
 a - a +1 war axe
 u - a +2 antimagic spear
 v - a +0 whip of freezing (weapon)
Armour
 b - a +0 scale mail
 c - a +1 shield (worn)
 D - a +0 plate armour (worn)
 I - a +0 helmet (worn)
Jewellery
 k - a ring of ice (left hand)
Wands
 p - a wand of paralysis (4)
 q - a wand of flame (29)
 y - a wand of clouds (6)
 B - a wand of acid (10)
Scrolls
 e - 4 scrolls of remove curse
 g - 2 scrolls of amnesia
 l - 2 scrolls of magic mapping
 n - 2 scrolls of fog
 o - 3 scrolls of teleportation
 J - 2 scrolls of identify
Potions
 d - 4 potions of might
 i - 2 potions of magic
 j - a potion of agility
 m - 3 potions of heal wounds
 r - 2 potions of degeneration
 s - 2 potions of lignification
 w - a potion of invisibility
 z - a potion of brilliance {unknown}
 A - a potion of cancellation {unknown}
 C - 4 potions of haste
 E - a potion of flight {unknown}
 F - 2 potions of resistance {unknown}
Books
 h - a book of Misfortune

   Spells                             Type                      Level
   a - Confusing Touch                Hexes                        1
   b - Confuse                        Hexes                        3
   c - Gell's Gravitas                Translocation                3
   d - Petrify                        Transmutation/Earth          4
   e - Metabolic Englaciation         Hexes/Ice                    5
   f - Yara's Violent Unravelling     Hexes/Transmutation          5
 t - a book of Necromancy

   Spells                             Type                      Level
   a - Pain                           Necromancy                   1
   b - Animate Skeleton               Necromancy                   1
   c - Vampiric Draining              Necromancy                   3
   d - Regeneration                   Charms/Necromancy            3
   e - Animate Dead                   Necromancy                   4
   f - Borgnjor's Vile Clutch         Necromancy/Earth             5
 x - a book of Enchantments

   Spells                             Type                      Level
   a - Cause Fear                     Hexes                        4
   b - Yara's Violent Unravelling     Hexes/Transmutation          5
   c - Silence                        Hexes/Air                    5
   d - Deflect Missiles               Charms/Air                   6
   e - Discord                        Hexes                        8
 H - a book of Maledictions

   Spells                             Type                      Level
   a - Corona                         Hexes                        1
   b - Ensorcelled Hibernation        Hexes/Ice                    2
   c - Confuse                        Hexes                        3
   d - Tukima's Dance                 Hexes                        3
   e - Dazzling Spray                 Conjuration/Hexes            3
Comestibles
 f - 11 rations
 G - 6 chunks of flesh


   Skills:
 + Level 9.2 Fighting
 + Level 10.6 Axes
 - Level 5.0 Armour
 - Level 5.0 Shields
 - Level 2.4 Spellcasting
 + Level 3.9 Necromancy
 - Level 5.0 Evocations


You had 10 spell levels left.
You knew the following spells:

 Your Spells              Type           Power        Failure   Level  Hunger
a - Vampiric Draining     Necr           #.........   100%        3    ####...


Dungeon Overview and Level Annotations

Branches:
Dungeon (8/15)             Temple (1/1) D:7            Lair (1/6) D:8

Altars:
Fedhas
Gozag
Kikubaaqudgha
Makhleb
Nemelex Xobeh
Okawaru
Qazlal
Ru
Trog
Uskayaw
Vehumet
Wu Jian
Yredelemnul
The Shining One

Shops:
D:4 =   D:6 (


Innate Abilities, Weirdness & Mutations

You are resistant to damage.
You can heal yourself by infusing magical energy.
You passively map the area around you.
You do not regenerate.
You have a somewhat thin skeletal structure. (Dex +2, Stealth)
You are clumsy. (Dex -2)
Your flesh is cold resistant. (rC+)
You are resistant to hostile enchantments. (MR+)


Message History

The four-headed hydra bites you.
You completely miss the centaur warrior.
The centaur warrior is heavily wounded.
Your surroundings suddenly seem different.
No target in view!
You feel much better.
There is an open door here.
There is an open door here.
There is an open door here.
Eating one of 7 chunks of flesh.
You eat one of the 7 chunks of flesh.
This raw flesh tastes terrible.
An efreet comes into view. It is wielding a scimitar of flaming.
The efreet gestures at you. The bolt of fire hits you!
The fire burns you terribly! The efreet gestures at you.
The bolt of fire hits you! The fire burns you terribly!
* * * LOW HITPOINT WARNING * * *
The efreet gestures at you. The bolt of fire hits you!
The fire burns you terribly!
You die...

#.......#...#..........#.#####.##
.###.>..#...#..........#.# * #.#
.###....#...#..........#.# * .#.*
.#......#...#.....##'###.# .# ##
≈#......#...#.....#...§..# #. *
.#......#...#.....#..R...# # , ,
.#......#...#.....'......#* ,,
.###...##)..#....<#...###########
#.##...##...#...@.#...##....##...
...#....#...#.....#...#..........
...'....#..[#.....'...#..........
...#....#...#.....#...#...h.#####
#'##....#...'.....#...'.O.Z<#
..##....#...#.....#...##....#
........#...#.....###'#######
.####################.......#
....................#.......#####


You could see an efreet.

Vanquished Creatures
  2 two-headed ogres (D:8)
  Pikel (D:5)
  A manticore (D:7)
  Grinder (D:4)
  Prince Ribbit (D:5)
  Grum (D:8)
  3 ice beasts
  4 sky beasts
  A black bear (D:7)
  2 eyes of draining (D:5)
  3 ogres
  A phantom (D:8)
  4 wolves (D:8)
  A big kobold (D:8)
  5 bullfrogs
  A gnoll sergeant (D:6)
  2 scorpions (D:5)
  2 howler monkeys
  A crimson imp (D:7)
  A hound (D:6)
  A bullfrog zombie (D:8)
  An orc priest (D:7)
  6 orc wizards
  An iguana (D:5)
  5 worker ants
  A hound zombie (D:8)
  2 hound skeletons (D:7)
  2 howler monkey skeletons
  7 gnolls
  6 adders
  A shadow imp (D:8)
  12 oozes
  An adder zombie (D:6)
  An adder skeleton (D:6)
  3 worms
  4 dart slugs
  17 leopard geckos
  20 orcs
  10 ball pythons
  12 bats
  15 giant cockroaches
  10 hobgoblins
  19 jackals
  10 quokkas
  11 frilled lizards
  11 goblins
  20 kobolds
  A leopard gecko skeleton (D:4)
  2 quokka skeletons
  A quokka zombie (D:6)
  11 rats
262 creatures vanquished.

Vanquished Creatures (others)
  An adder skeleton (D:5)
  A frilled lizard (D:5)
2 creatures vanquished.

Grand Total: 264 creatures vanquished

Notes
Turn   | Place    | Note
-------+----------+-------------------------------------------
     0 | D:1      | Hebeh the Deep Dwarf Fighter began the quest for the Orb.
     0 | D:1      | Reached XP level 1. HP: 20/20 MP: 1/1
   107 | D:1      | Reached XP level 2. HP: 24/27 MP: 2/2
   329 | D:1      | Reached XP level 3. HP: 28/34 MP: 3/3
   871 | D:1      | Gained mutation: You are resistant to hostile enchantments. (MR+) [potion of mutation]
   871 | D:1      | Gained mutation: Your flesh is cold resistant. (rC+) [potion of mutation]
   871 | D:1      | Gained mutation: You are clumsy. (Dex -2) [potion of mutation]
   871 | D:1      | Gained mutation: You have a somewhat thin skeletal structure. (Dex +2, Stealth) [potion of mutation]
  1078 | D:2      | Reached skill level 3 in Axes
  1161 | D:2      | Reached XP level 4. HP: 33/42 MP: 4/4
  2249 | D:3      | Reached XP level 5. HP: 40/49 MP: 4/4
  2423 | D:4      | Reached skill level 1 in Evocations
  2426 | D:4      | Found Haisosy's Jewellery Shoppe.
  2596 | D:4      | Noticed Grinder
  2617 | D:4      | Paralysed by Grinder for 4 turns
  2628 | D:4      | Paralysed by Grinder for 4 turns
  2655 | D:4      | Paralysed by Grinder for 5 turns
  2667 | D:4      | Killed Grinder
  2667 | D:4      | Reached skill level 4 in Axes
  2667 | D:4      | Reached XP level 6. HP: 29/57 MP: 6/6
  3296 | D:5      | Entered Level 5 of the Dungeon
  3322 | D:5      | Found a glowing drain.
  3346 | D:5      | Reached skill level 5 in Armour
  3346 | D:5      | Reached skill level 5 in Shields
  3346 | D:5      | Reached XP level 7. HP: 42/64 MP: 8/8
  3349 | Sewer    | Entered a sewer
  3632 | Sewer    | Reached skill level 5 in Axes
  3760 | D:5      | Found a bloodstained altar of Trog.
  3787 | D:5      | Reached skill level 5 in Fighting
  3787 | D:5      | Reached skill level 5 in Evocations
  3813 | D:5      | Noticed Pikel
  3835 | D:5      | Killed Pikel
  3835 | D:5      | Reached skill level 6 in Axes
  3835 | D:5      | Reached XP level 8. HP: 36/76 MP: 5/9
  3867 | D:5      | Noticed Prince Ribbit
  3882 | D:5      | Killed Prince Ribbit
  3882 | D:5      | Reached skill level 7 in Axes
  4509 | D:6      | Gained mutation: You passively map the area around you. [Deep Dwarf growth]
  4509 | D:6      | Reached XP level 9. HP: 51/85 MP: 9/9
  4509 | D:6      | Reached skill level 8 in Axes
  4588 | D:6      | Found Xomen's Weapon Shoppe.
  5144 | D:7      | Noticed a manticore
  5164 | D:7      | Killed a manticore
  5164 | D:7      | Reached skill level 9 in Axes
  5563 | D:7      | Found a staircase to the Ecumenical Temple.
  5581 | Temple   | Entered the Ecumenical Temple
  5602 | Temple   | Became a worshipper of Makhleb the Destroyer
  5860 | D:7      | Learned a level 3 spell: Vampiric Draining
  5953 | D:8      | Noticed Grum
  5953 | D:8      | Noticed a two-headed ogre
  6045 | D:8      | Noticed a two-headed ogre
  6054 | D:8      | Killed a two-headed ogre
  6054 | D:8      | Reached skill level 10 in Axes
  6054 | D:8      | Reached skill level 1 in Spellcasting
  6054 | D:8      | Reached skill level 1 in Necromancy
  6054 | D:8      | Reached XP level 10. HP: 74/98 MP: 10/10
  6410 | D:8      | Found a staircase to the Lair.
  6464 | Lair:1   | Entered Level 1 of the Lair of Beasts
  6464 | Lair:1   | Noticed a spiny frog
  6519 | D:8      | Found a radiant altar of Vehumet.
  6585 | D:8      | Noticed a two-headed ogre
  6599 | D:8      | Killed a two-headed ogre
  6646 | D:8      | Reached * piety under Makhleb
  6658 | D:8      | Killed Grum
  6677 | D:8      | Noticed a four-headed hydra
  6678 | D:8      | Noticed a centaur warrior
  6766 | D:8      | Killed from afar by an efreet

Skill      XL: |  1  2  3  4  5  6  7  8  9 10 |
---------------+-------------------------------+-----
Fighting       | 3 4 5 6 8 9 |  9.2
Axes           | 3 4 6 7 10 | 10.6
Armour         | 4 5 |  5.0
Shields        | 4 5 |  5.0
Evocations     | 2 3 5 |  5.0
Spellcasting   | 1 2 |  2.4
Necromancy     | 1 3 |  3.9

Action                   |  1- 3 |  4- 6 |  7- 9 | 10-12 || total
-------------------------+-------+-------+-------+-------++-------
Melee: War axe           |   119 |   226 |   396 |   130 ||   871
       Whip              |       |       |       |     2 ||     2
 Abil: Heal Wounds       |     1 |     5 |    11 |     6 ||    23
Evoke: Wand              |       |     3 |     5 |     4 ||    12
  Use: Scroll            |     2 |     5 |    10 |     1 ||    18
       Potion            |     1 |       |       |       ||     1
 Stab: Paralysed         |       |     4 |    15 |     8 ||    27
  Eat: Chunk             |     1 |     6 |    10 |     1 ||    18
       Ration            |       |       |     1 |       ||     1
Armor: Scale mail        |    65 |    91 |   169 |    25 ||   350
       Plate armour      |       |       |       |    41 ||    41
Dodge: Dodged            |    50 |    72 |   135 |    16 ||   273
Block: Shield            |    64 |   118 |   270 |    84 ||   536
